 Dungeon Crawl Stone Soup version 0.17-a0-1510-gb3fb22e (webtiles) character file.

6413 amnekian the Blocker (level 11, -10/75 HPs)
             Began as a Formicid Fighter on July 11, 2015.
             Was an Elder of Cheibriados.
             Mangled by a freezing wraith (22 damage)
             ... on level 9 of the Dungeon on July 12, 2015.
             The game lasted 00:41:13 (10110 turns).

amnekian the Blocker (Formicid Fighter)            Turns: 10110, Time: 00:41:23

Health: -10/75     AC: 13    Str: 31    XL:     11   Next: 18%
Magic:  15/15      EV:  7    Int: 19    God:    Cheibriados [****..]
Gold:   489        SH: 16    Dex: 22    Spells: 1 memorised, 6 levels left

rFire  . . .     SeeInvis +     N - +4 scimitar (flame)
rCold  . . .     Clarity  .     a - +0 plate armour
rNeg   . . .     SustAt   +     c - +1 shield
rPois  .         Gourm    .     (helmet unavailable)
rElec  .         Spirit   .     k - +0 cloak
rCorr  .         Warding  .     (no gloves)
rMut   .         Stasis   +     (no boots)
MR     +....                    (no amulet)
Stlth  ..........               (no ring)
                                g - ring of sustain attributes

@: very slow, somewhat resistant to hostile enchantments, extremely unstealthy
A: permanent stasis, dig shafts and tunnels, four strong arms, antennae 3
a: Dig, Shaft Self, Bend Time, Temporal Distortion, Slouch, Renounce Religion


You were on level 9 of the Dungeon.
You worshipped Cheibriados.
Cheibriados was greatly pleased with you.
You were not hungry.

You visited 2 branches of the dungeon, and saw 11 of its levels.
You also visited: Sewer.

You collected 555 gold pieces.
You spent 66 gold pieces at shops.

Inventory:

Hand weapons
 y - a +4 long sword of holy wrath
 N - a +4 scimitar of flaming (weapon)
Missiles
 f - 210 stones (quivered)
 p - 29 poisoned needles
 D - 3 tomahawks
 I - 8 needles of sleeping
 K - 3 exploding tomahawks
Armour
 a - a +0 plate armour (worn)
 b - a +1 ring mail of fire resistance
 c - a +1 shield (worn)
 k - a +0 cloak (worn)
Jewellery
 g - a ring of sustain attributes (left hand)
Magical devices
 q - a wand of teleportation (3)
 M - a wand of cold (9)
Scrolls
 j - 4 scrolls of enchant armour
 r - a scroll of remove curse
 x - a scroll of identify
 z - 2 scrolls of magic mapping
 H - a scroll of enchant weapon
 J - a scroll of noise {unknown}
 L - a scroll of amnesia
Potions
 d - 4 potions of might
 m - 4 potions of curing
 n - 2 potions of flight
 o - a potion of brilliance
 t - a potion of invisibility {unknown}
 u - a potion of agility
 v - a potion of poison {unknown}
 B - a potion of cure mutation {unknown}
 E - a potion of magic {unknown}
 F - 3 potions of heal wounds {unknown}
Books
 i - a Necronomicon

   Spells                             Type                      Level
   a - Haunt                          Necromancy/Summoning         7
   b - Borgnjor's Revivification      Necromancy                   8
   c - Death's Door                   Charms/Necromancy            8
   d - Necromutation                  Transmutation/Necromancy     8
 s - a book of Burglary

   Spells                             Type                      Level
   a - Swiftness                      Charms/Air                   2
   b - Passwall                       Transmutation/Earth          3
   c - Passage of Golubria            Translocation                4
   d - Lee's Rapid Deconstruction     Earth                        5
   e - Invisibility                   Hexes                        6
   f - Darkness                       Hexes                        7
 A - a book of Callings

   Spells                             Type                      Level
   a - Summon Small Mammal            Summoning                    1
   b - Call Imp                       Summoning                    2
   c - Call Canine Familiar           Summoning                    3
   d - Summon Guardian Golem          Hexes/Summoning              3
   e - Summon Lightning Spire         Summoning/Air                4
   f - Summon Ice Beast               Ice/Summoning                4
Comestibles
 e - 9 bread rations
 h - 2 meat rations
 l - 4 fruits
 w - 3 beef jerkies
 C - a royal jelly
 G - a slice of pizza


   Skills:
 - Level 3.2 Fighting
 - Level 10.0 Long Blades
 * Level 5.7 Armour
 - Level 6.0 Stealth
 - Level 12.3 Shields
 - Level 6.1 Invocations


You had 6 spell levels left.
You knew the following spells:

 Your Spells              Type           Power        Failure   Level  Hunger
a - Passage of Golubria   Tloc           N/A          100%        4    #####..


Dungeon Overview and Level Annotations

Branches:
Dungeon (10/15)            Temple (1/1) D:7
   Lair: D:8-11         Orc: D:9-12

Altars:
Ashenzari
Cheibriados
Dithmenos
Elyvilon
Fedhas
Gozag
Kikubaaqudgha
Makhleb
Nemelex Xobeh
Okawaru
Qazlal
Ru
Sif Muna
Trog
Vehumet
Xom
Yredelemnul
Zin
The Shining One

Shops:
D:4 %[[!

Annotations:
D:6 Eleanoora's ghost, experienced OgWr


Innate Abilities, Weirdness & Mutations

You are under a permanent stasis effect.
You can dig through walls and to a lower floor.
Your four strong arms can wield two-handed weapons with a shield.
You have a pair of large antennae on your head (SInv).


Message History

Clearing level map.
You swing at nothing.
The freezing wraith hits you. The freezing wraith freezes you!
You block the freezing wraith's attack.
Clearing level map.
You swing at nothing.
The two-headed ogre completely misses you.
The two-headed ogre hits you with a giant spiked club!
The freezing wraith hits you but does no damage.
You block the freezing wraith's attack.
Clearing level map.
You swing at nothing.
The freezing wraith barely misses you. You block the freezing wraith's attack.
Clearing level map.
You swing at nothing.
The two-headed ogre barely misses you. You block the two-headed ogre's attack.
The giant frog hits you.
* * * LOW HITPOINT WARNING * * *
The freezing wraith hits you!
* * * LOW HITPOINT WARNING * * *
The freezing wraith freezes you!!
You die...

##.....#####. #...#
....... ##.#........#
...## ... #...
###........ ...
##...####.# ###.
#....####.#
#.##.....##..# ###..
...#.# .
#............###....
#..#.# ...
#...................
#.##.#
...o#...............####
#.# ..
8..Zwu##F..#........## #
#.# .#
#HW@......##.....### ...
.# #.O........#>.....##
... #...........#.......
..# #...................
. .....#..............#
# ..#.............#.....
..............#...#...#
#
........#...##...#.#...
##. ...##...#....##.#..


You could see a griffon, a green ugly thing, a freezing wraith, a two-headed
ogre, a giant frog, a brain worm, an orc wizard and a hound skeleton.

Vanquished Creatures
  Erica (D:8)
  Pikel (D:4)
  A hill giant (D:8)
  A troll (D:9)
  Prince Ribbit (D:7)
  The ghost of raikaria the Cudgeler, an average OgGl (Sewer)
  A spriggan (D:7)
  2 hippogriffs
  3 hungry ghosts
  Menkaure (D:7)
  A water moccasin (D:7)
  A slave (D:3)
  2 ice beasts
  A sky beast (D:7)
  Purgy (Sewer)
  A black bear (D:8)
  A necrophage (D:7)
  4 ogres
  3 orc warriors (D:7)
  3 centaurs
  2 phantoms
  An eye of draining (D:9)
  A big kobold (D:8)
  Blork the orc (D:5)
  3 giant frogs
  5 scorpions
  2 crimson imps
  A centaur zombie (D:9)
  A hound (D:8)
  2 giant frog zombies
  Crazy Yiuf (D:2)
  5 orc priests
  2 giant frog skeletons
  2 iguanas
  4 orc wizards
  2 centaur skeletons (D:7)
  A worker ant (D:7)
  Robin (D:2)
  4 gnolls (D:2)
  A shadow imp (D:7)
  10 adders
  4 oozes
  2 adder zombies
  6 worms
  An adder skeleton (D:9)
  8 giant geckos
  24 orcs
  14 bats
  A bat skeleton (D:7)
  A bat zombie (D:7)
  3 giant cockroaches
  18 hobgoblins
  14 jackals
  3 quokkas
  A giant gecko skeleton (D:8)
  A giant gecko zombie (D:5)
  7 giant newts
  20 goblins
  A jackal skeleton (D:8)
  24 kobolds
  33 rats
  A fungus (D:2)
  3 plants (D:5)
273 creatures vanquished.

Vanquished Creatures (others)
  An adder (D:4)
  An orc (D:4)
  2 hobgoblins (D:4)
  A kobold (D:4)
  A rat (D:4)
6 creatures vanquished.

Grand Total: 279 creatures vanquished

Notes
Turn   | Place    | Note
--------------------------------------------------------------
     0 | D:1      | amnekian the Formicid Fighter began the quest for the Orb.
     0 | D:1      | Reached XP level 1. HP: 18/18 MP: 1/1
   289 | D:1      | Reached XP level 2. HP: 24/24 MP: 2/2
   923 | D:2      | Reached XP level 3. HP: 29/29 MP: 3/3
  1145 | D:2      | Noticed Robin
  1154 | D:2      | Reached XP level 4. HP: 26/35 MP: 4/4
  1155 | D:2      | Reached skill level 4 in Long Blades
  1183 | D:2      | Killed Robin
  1414 | D:2      | Reached XP level 5. HP: 26/41 MP: 5/5
  1429 | D:2      | Reached skill level 5 in Long Blades
  1969 | D:3      | Found a snail-covered altar of Cheibriados.
  2095 | D:3      | Found a burning altar of Makhleb.
  2154 | D:3      | Reached XP level 6. HP: 45/47 MP: 6/6
  2441 | D:3      | Reached skill level 6 in Long Blades
  2571 | D:3      | Found a glowing drain.
  2575 | Sewer    | Entered a sewer
  2585 | Sewer    | Noticed raikaria's ghost (average OgGl)
  2593 | Sewer    | Killed raikaria's ghost
  2593 | Sewer    | Reached skill level 7 in Long Blades
  2593 | Sewer    | Reached XP level 7. HP: 19/52 MP: 7/7
  2621 | Sewer    | Noticed Purgy
  2636 | Sewer    | Killed Purgy
  3125 | D:3      | Found a glowing silver altar of Zin.
  3125 | D:3      | Noticed an angel
  3126 | D:3      | Noticed a green death
  3297 | D:4      | Found Mututae's Armour Shoppe.
  3432 | D:4      | Noticed Pikel
  3655 | D:3      | Learned a level 4 spell: Passage of Golubria
  3658 | D:3      | Learned a level 2 spell: Swiftness
  3754 | D:2      | Noticed Crazy Yiuf
  3764 | D:2      | Killed Crazy Yiuf
  3764 | D:2      | Reached skill level 8 in Long Blades
  3863 | D:3      | Became a worshipper of Cheibriados the Contemplative
  3899 | D:4      | Killed Pikel
  3899 | D:4      | Reached skill level 9 in Long Blades
  3899 | D:4      | Reached XP level 8. HP: 24/58 MP: 8/8
  4078 | D:4      | Found Bileghor's Armour Shoppe.
  4082 | D:4      | Found Someuriw's Food Shop.
  4208 | D:4      | Found Biwa's Distillery.
  4218 | D:4      | Bought a potion of curing for 33 gold pieces
  4218 | D:4      | Bought a potion of curing for 33 gold pieces
  4321 | D:4      | Reached skill level 10 in Long Blades
  4392 | D:4      | Found a sparkling altar of Nemelex Xobeh.
  4513 | D:5      | Entered Level 5 of the Dungeon
  4562 | D:5      | Acquired Cheibriados's first power
  4672 | D:5      | Noticed Blork the orc
  4679 | D:5      | Killed Blork the orc
  4679 | D:5      | Reached skill level 5 in Shields
  4791 | D:5      | Reached XP level 9. HP: 59/64 MP: 9/9
  5214 | D:6      | Found a sacrificial altar of Ru.
  5275 | D:6      | Noticed Eleanoora's ghost (experienced OgWr)
  6366 | D:7      | Reached skill level 1 in Stealth
  6398 | D:7      | Found a staircase to the Ecumenical Temple.
  6423 | D:7      | Noticed Menkaure
  6556 | D:7      | Reached skill level 5 in Stealth
  6849 | D:7      | Killed Menkaure
  6849 | D:7      | Acquired Cheibriados's second power
  7105 | Temple   | Entered the Ecumenical Temple
  7266 | D:7      | Reached skill level 5 in Invocations
  7403 | D:7      | Found a stormy altar of Qazlal.
  7423 | D:7      | Reached XP level 10. HP: 54/69 MP: 14/14
  7613 | D:7      | Noticed Prince Ribbit
  7618 | D:7      | Killed Prince Ribbit
  7679 | D:7      | Found a glowing golden altar of the Shining One.
  7808 | D:7      | Found a shattered altar of Ashenzari.
  7958 | D:7      | Acquired Cheibriados's third power
  8226 | D:8      | Noticed a hill giant
  8236 | D:8      | Killed a hill giant
  8236 | D:8      | Reached skill level 10 in Shields
  8321 | D:8      | Noticed Erica
  8553 | D:8      | Reached skill level 11 in Shields
  8645 | D:8      | Killed Erica
  9075 | D:8      | Reached skill level 12 in Shields
  9305 | D:9      | Reached XP level 11. HP: 26/75 MP: 15/15
  9863 | D:9      | Reached skill level 5 in Armour
 10052 | D:10     | Entered Level 10 of the Dungeon
 10104 | D:9      | Noticed a griffon
 10104 | D:9      | Noticed a cyclops
 10104 | D:9      | Noticed a cyan ugly thing
 10104 | D:9      | Noticed a green ugly thing
 10110 | D:9      | Mangled by a freezing wraith

Vault maps used:
D:1:      dpeg_arrival_lava_temple_mockup
D:2:      minmay_rat_hole, uniq_crazy_yiuf_cottage, uniq_robin
D:3:      grunt_temple_overflow_order_and_chaos_2, cheibriados_altar_1,
          gup_sewer_entry_spiral, corexii_item_surrounded_by_moat
D:4:      old_standard_altar, serial_shops, shop, shop, shop, shop, uniq_pikel
D:5:      first_bread, serial_bayou_lagoon_a, uniq_blork_the_orc
D:6:      nicolae_ru_sacrificial_ziggurat
D:7:      lemuel_coloured_pillars_altar, kennysheep_mini_moat,
          minmay_temple_entry_glass, basic_altar, the_bakery, minivault_23,
          uniq_prince_ribbit1, uniq_menkaure
D:8:      roderic_bali_sauvastika, uniq_erica
D:9:      minivault_28
D:10:     kennysheep_generic_room_12, uniq_urug
Temple:   eino_temple_water_12
Sewer:    kennysheep_door_sewer

Action                   |  1- 3 |  4- 6 |  7- 9 | 10-12 || total
-------------------------+-------+-------+-------+-------++-------
Melee: Long sword        |    93 |   276 |   435 |   204 ||  1008
       Scimitar          |       |       |       |    18 ||    18
Throw: Stone             |       |       |    11 |     2 ||    13
Invok: Temporal Distorti |       |       |       |     2 ||     2
       Slouch            |       |       |       |     2 ||     2
       Bend Time         |       |       |       |     1 ||     1
 Abil: Dig               |       |       |     5 |       ||     5
  Use: Potion            |       |     1 |     3 |     1 ||     5
       Scroll            |       |       |    14 |     2 ||    16
 Stab: Sleeping          |       |       |     1 |       ||     1
  Eat: Chunk             |       |     5 |    13 |     4 ||    22
       Pizza             |       |       |       |     1 ||     1
